AoeStats
← Stanko2026

Arena

508630609Analyzed
1v1 RM · 8d ago on Sep 23, 2026· 43m 31s· 2 players
Game mode
Random Map
Map size
Tiny (2 player)
Population
200
Speed
Normal
Resources
Standard
Victory
Conquest
Starting age
Dark Age
Ending age
Imperial Age
RankedLock teamsTeams togetherTeam positionsShared explorationLock speedFull tech treeHidden civsTurbo modeCheats
Victory
Defeat
🇦🇷 Chinese · Argentina
754
+17
🇩🇪 Britons · Germany
767
-17
Piscua5432
0:31 Loom
10:27 Feudal Age
11:43 Wheelbarrow
10:56 Double-Bit Axe
10:52 Horse Collar
18:41 Castle Age
17:13 Gold Mining
19:04 Scale Mail Armor
19:14 Forging
19:37 Hand Cart
19:35 Bow Saw
19:27 Heavy Plow
19:58 Squires
24:08 Stone Mining
24:55 Gold Shaft Mining
30:37 Imperial Age
28:52 Chain Mail Armor
29:13 Iron Casting
29:48 Stone Shaft Mining
29:01 Town Watch
31:42 Conscription
33:29 Ballistics
34:28 Chemistry
33:27 Murder Holes
35:04 Chemistry
34:03 Murder Holes
37:17 Masonry
36:44 Elite Fire Lancer
37:56 Plate Mail Armor
38:27 Blast Furnace
Stanko2026
0:28 Loom
13:44 Feudal Age
14:06 Horse Collar
14:18 Gold Mining
14:18 Stone Mining
14:18 Double-Bit Axe
21:51 Castle Age
22:07 Fletching
22:18 Padded Archer Armor
22:34 Heavy Plow
22:27 Pikeman
23:32 Elite Skirmisher
24:56 Squires
28:56 Gold Shaft Mining
29:25 Murder Holes
29:53 Ballistics
29:43 Fortified Wall
33:10 Yeomen
38:13 Imperial Age
36:09 Treadmill Crane
36:44 Masonry
36:02 Light Cavalry
36:42 Husbandry
37:51 Leather Archer Armor
37:31 Bodkin Arrow
37:37 Bodkin Arrow
40:25 Chemistry
39:58 Bracer
41:28 Conscription
42:16 Man-at-Arms
42:42 Gambesons
Connection lost

Rejoining the realm…

Still unreachable

The connection could not be restored.

Session expired

The server has moved on; the page needs a fresh start.